TOP OF THE 1ST |
Colorado (EL) Rockies batting - Pitching for Harrisburg Senators : LHP Mike Tracy
|
Pitching: LHP Mike Tracy
|
|
Batting: LHB Tony Ponce
|
0-0: Called Strike 0-1: Ball 1-1: Ball 2-1: Ground out 4-3 (Groundball, 34, EV 81.2 MPH)
|
Batting: RHB Matt Fabre
|
0-0: Reached on error, E6 (Groundball, 6S, EV 93.1 MPH)
|
Batting: SHB Jon Munoz
|
0-0: Ball 1-0: Fielders Choice at 2nd, 3-6 (Groundball, 34S, EV 88.1 MPH)
|
Batting: SHB In-sung Lee
|
0-0: Ball 1-0: Ball 2-0: Called Strike 2-1: Ball 3-1: Foul Ball, location: 2F 3-2: Base on Balls Jon Munoz to second
|
Batting: LHB Eric Ludwig
|
0-0: Ground out 1-3 (Groundball, 34S, EV 63.1 MPH)
|
Top of the 1st over - 0 runs, 0 hits, 1 error, 2 left on base; Colorado (EL) 0 - Harrisburg 0 |
BOTTOM OF THE 1ST |
Harrisburg Senators batting - Pitching for Colorado (EL) Rockies : LHP Adrian Hamilton
|
Pitching: LHP Adrian Hamilton
|
|
Batting: RHB Marcus Dawson
|
0-0: Called Strike 0-1: Ball 1-1: Called Strike 1-2: Ball 2-2: SINGLE (Groundball, 6S, EV 61.2 MPH) (infield hit)
|
Batting: RHB John McNeill
|
0-0: Grounds into double play, 5-4-3 (Groundball, 56, EV 86.2 MPH)
|
Batting: RHB Deshawn Boseman
|
0-0: Swinging Strike 0-1: Called Strike 0-2: Strikes out swinging
|
Bottom of the 1st over - 0 runs, 1 hit, 0 errors, 0 left on base; Colorado (EL) 0 - Harrisburg 0 |
TOP OF THE 2ND |
Colorado (EL) Rockies batting - Pitching for Harrisburg Senators : LHP Mike Tracy
|
Batting: RHB Max Schellekens
|
0-0: Ground out U3 (Groundball, 13, EV 79.4 MPH)
|
Batting: RHB Bobby Bowman
|
0-0: Called Strike 0-1: Foul Ball, location: 2F 0-2: Ball 1-2: Ball 2-2: Strikes out swinging
|
Batting: RHB Justin Pellman
|
0-0: Ball 1-0: Called Strike 1-1: Swinging Strike 1-2: Strikes out swinging
|
Top of the 2nd over - 0 runs, 0 hits, 0 errors, 0 left on base; Colorado (EL) 0 - Harrisburg 0 |
BOTTOM OF THE 2ND |
Harrisburg Senators batting - Pitching for Colorado (EL) Rockies : LHP Adrian Hamilton
|
Batting: RHB Donovan Auclair
|
0-0: Fly out, F8 (Line Drive, 8LD, EV 103.8 MPH)
|
Batting: RHB Jim Towle
|
0-0: Called Strike 0-1: Foul Ball, location: 2F 0-2: Strikes out swinging
|
Batting: RHB Juan Taveras
|
0-0: Ball 1-0: Ball 2-0: Ball 3-0: Called Strike 3-1: Base on Balls
|
Batting: LHB Erik Beezley
|
0-0: Fly out, F5 (Popup, 25, EV 80.0 MPH)
|
Bottom of the 2nd over - 0 runs, 0 hits, 0 errors, 1 left on base; Colorado (EL) 0 - Harrisburg 0 |
TOP OF THE 3RD |
Colorado (EL) Rockies batting - Pitching for Harrisburg Senators : LHP Mike Tracy
|
Batting: LHB Elijah Black
|
0-0: Ball 1-0: DOUBLE (Line Drive, 89XD, EV 102.5 MPH)
|
Batting: LHB Tony Ponce
|
0-0: Called Strike 0-1: Ball 1-1: Ball 2-1: Ground out 4-3 (Groundball, 34, EV 86.2 MPH) Elijah Black to third
|
Batting: RHB Matt Fabre
|
0-0: Called Strike 0-1: Swinging Strike 0-2: Ball 1-2: Hit by Pitch
|
Batting: SHB Jon Munoz
|
0-0: Ball 1-0: Called Strike 1-1: Foul Ball, location: 2F 1-2: Ball 2-2: Grounds into double play, 4-6-3 (Groundball, 4, EV 85.0 MPH)
|
Top of the 3rd over - 0 runs, 1 hit, 0 errors, 1 left on base; Colorado (EL) 0 - Harrisburg 0 |
BOTTOM OF THE 3RD |
Harrisburg Senators batting - Pitching for Colorado (EL) Rockies : LHP Adrian Hamilton
|
Batting: RHB Haykuhi Kagramanian
|
0-0: Ball 1-0: Fly out, F6 (Flyball, 56D, EV 82.5 MPH)
|
Batting: RHB Brennan Cameron
|
0-0: Ball 1-0: SINGLE (Groundball, 56, EV 97.5 MPH)
|
Batting: RHB Marcus Dawson
|
0-0: Ball 1-0: Grounds into double play, 4-6-3 (Groundball, 4S, EV 88.1 MPH)
|
Bottom of the 3rd over - 0 runs, 1 hit, 0 errors, 0 left on base; Colorado (EL) 0 - Harrisburg 0 |
TOP OF THE 4TH |
Colorado (EL) Rockies batting - Pitching for Harrisburg Senators : LHP Mike Tracy
|
Batting: SHB In-sung Lee
|
0-0: Ball 1-0: Ball 2-0: Called Strike 2-1: Fly out, F9 (Flyball, 9D, EV 95.6 MPH)
|
Batting: LHB Eric Ludwig
|
0-0: Ground out 1-3 (Groundball, 13S, EV 67.5 MPH)
|
Batting: RHB Max Schellekens
|
0-0: Called Strike 0-1: Fly out, F9 (Flyball, 9, EV 81.9 MPH)
|
Top of the 4th over - 0 runs, 0 hits, 0 errors, 0 left on base; Colorado (EL) 0 - Harrisburg 0 |
BOTTOM OF THE 4TH |
Harrisburg Senators batting - Pitching for Colorado (EL) Rockies : LHP Adrian Hamilton
|
Batting: RHB John McNeill
|
0-0: Called Strike 0-1: Foul Ball, location: 2F 0-2: Ball 1-2: Ground out 6-3 (Groundball, 6MS, EV 68.1 MPH)
|
Batting: RHB Deshawn Boseman
|
0-0: Ground out 5-3 (Groundball, 5, EV 88.1 MPH)
|
Batting: RHB Donovan Auclair
|
0-0: Called Strike 0-1: Ball 1-1: Hit by Pitch
|
Batting: RHB Jim Towle
|
0-0: Called Strike 0-1: Foul Ball, location: 2F 0-2: Strikes out looking
|
Bottom of the 4th over - 0 runs, 0 hits, 0 errors, 1 left on base; Colorado (EL) 0 - Harrisburg 0 |
TOP OF THE 5TH |
Colorado (EL) Rockies batting - Pitching for Harrisburg Senators : LHP Mike Tracy
|
Batting: RHB Bobby Bowman
|
0-0: Ball 1-0: Swinging Strike 1-1: Ball 2-1: Foul Ball, location: 2F 2-2: Ball 3-2: DOUBLE (Line Drive, 89D, EV 114.4 MPH)
|
Batting: RHB Justin Pellman
|
0-0: SINGLE (Line Drive, 4MD, EV 98.1 MPH) Bobby Bowman to third
|
Batting: LHB Elijah Black
|
0-0: Swinging Strike 0-1: Swinging Strike 0-2: Strikes out swinging
|
Batting: LHB Tony Ponce
|
0-0: Ball 1-0: Called Strike 1-1: Ball 2-1: Swinging Strike 2-2: Foul Ball, location: 2F 2-2: Foul Ball, location: 2F 2-2: SINGLE (Line Drive, 56, EV 103.8 MPH) Bobby Bowman scores Justin Pellman to second Justin Pellman to third
|
Batting: RHB Matt Fabre
|
0-0: Ball Pickoff Throw to First - Error! E1 Justin Pellman scores Tony Ponce to second 1-0: Ground out 1-3 (Groundball, 34S, EV 70.6 MPH) Tony Ponce to third
|
Batting: SHB Jon Munoz
|
0-0: Ball 1-0: Foul Ball, location: 2F 1-1: Ball 2-1: Ball 3-1: Foul Ball, location: 2F 3-2: Ground out U3 (Groundball, 34, EV 101.9 MPH)
|
Top of the 5th over - 2 runs, 3 hits, 1 error, 1 left on base; Colorado (EL) 2 - Harrisburg 0 |
BOTTOM OF THE 5TH |
Harrisburg Senators batting - Pitching for Colorado (EL) Rockies : LHP Adrian Hamilton
|
Batting: RHB Juan Taveras
|
0-0: Called Strike 0-1: Foul Ball, location: 2F 0-2: Ground out 4-3 (Groundball, 34D, EV 105.0 MPH)
|
Batting: LHB Erik Beezley
|
0-0: Ball 1-0: Foul Ball, location: 2F 1-1: Ball 2-1: Called Strike 2-2: Ground out U3 (Groundball, 23, EV 85.6 MPH)
|
Batting: RHB Haykuhi Kagramanian
|
0-0: Ball 1-0: Ball 2-0: Called Strike 2-1: Foul Ball, location: 2F 2-2: Ball 3-2: Foul Ball, location: 2F 3-2: Foul Ball, location: 2F 3-2: Fly out, F8 (Flyball, 8LD, EV 93.1 MPH)
|
Bottom of the 5th over - 0 runs, 0 hits, 0 errors, 0 left on base; Colorado (EL) 2 - Harrisburg 0 |
TOP OF THE 6TH |
Colorado (EL) Rockies batting - Pitching for Harrisburg Senators : LHP Mike Tracy
|
Batting: SHB In-sung Lee
|
0-0: Called Strike 0-1: Swinging Strike 0-2: Ball 1-2: Ball 2-2: Ball 3-2: Base on Balls
|
Batting: LHB Eric Ludwig
|
0-0: Ball 1-0: Swinging Strike 1-1: Grounds into double play, U6-3 (Groundball, 4MD, EV 86.2 MPH)
|
Batting: RHB Max Schellekens
|
0-0: DOUBLE (Line Drive, 9LD, EV 106.2 MPH)
|
Batting: RHB Bobby Bowman
|
0-0: Called Strike 0-1: Ball 1-1: Foul Ball, location: 2F 1-2: Ball 2-2: SINGLE (Line Drive, 9LS, EV 97.5 MPH) Max Schellekens to third Runner from 3rd tries for Home, SAFE, throw by RF to home
|
Batting: RHB Justin Pellman
|
0-0: Ball 1-0: Ball 2-0: Called Strike 2-1: Foul Ball, location: 2F 2-2: Foul Ball, location: 2F 2-2: Foul Ball, location: 2F 2-2: Fly out, F8 (Flyball, 8LD, EV 103.8 MPH)
|
Top of the 6th over - 1 run, 2 hits, 0 errors, 1 left on base; Colorado (EL) 3 - Harrisburg 0 |
BOTTOM OF THE 6TH |
Harrisburg Senators batting - Pitching for Colorado (EL) Rockies : LHP Adrian Hamilton
|
Batting: RHB Brennan Cameron
|
0-0: Ball 1-0: Ball 2-0: Foul Ball, location: 2F 2-1: Ball 3-1: Fly out, F4 (Line Drive, 4, EV 65.6 MPH)
|
Batting: RHB Marcus Dawson
|
0-0: Called Strike 0-1: Ball 1-1: Reached on error, E1 (Groundball, 34S, EV 70.0 MPH)
|
Batting: RHB John McNeill
|
0-0: Called Strike 0-1: Foul Ball, location: 2F 0-2: Foul Ball, location: 2F 0-2: SINGLE (Groundball, 34D, EV 94.4 MPH) Marcus Dawson to second Runner from 2nd tries for 3rd, SAFE, no throw by RF
|
Batting: RHB Deshawn Boseman
|
0-0: Called Strike 0-1: Fly out, F8 (Flyball, 78M, EV 85.0 MPH) Runner from 3rd tags up, SCORES, no throw by CF
|
Batting: RHB Donovan Auclair
|
0-0: Ball 1-0: Ball John McNeill is caught stealing 2nd base 2-4
|
Bottom of the 6th over - 1 run, 1 hit, 1 error, 0 left on base; Colorado (EL) 3 - Harrisburg 1 |
TOP OF THE 7TH |
Colorado (EL) Rockies batting - Pitching for Harrisburg Senators : LHP Mike Tracy
|
Pitching: LHP John Hattenhauer
|
|
Batting: LHB Elijah Black
|
0-0: Ball 1-0: Ground out U3 (Groundball, 3L, EV 93.1 MPH)
|
Batting: LHB Tony Ponce
|
0-0: Ball 1-0: Foul Ball, location: 2F 1-1: Foul Ball, location: 2F 1-2: Ground out 6-3 (Groundball, 4M, EV 80.0 MPH)
|
Batting: RHB Matt Fabre
|
0-0: Called Strike 0-1: Ball 1-1: Foul Ball, location: 2F 1-2: Ground out 1-3 (Groundball, 13, EV 73.1 MPH)
|
Top of the 7th over - 0 runs, 0 hits, 0 errors, 0 left on base; Colorado (EL) 3 - Harrisburg 1 |
BOTTOM OF THE 7TH |
Harrisburg Senators batting - Pitching for Colorado (EL) Rockies : LHP Adrian Hamilton
|
Batting: RHB Donovan Auclair
|
0-0: SINGLE (Line Drive, 89S, EV 97.5 MPH)
|
Batting: RHB Jim Towle
|
0-0: Called Strike 0-1: Foul Ball, location: 2F 0-2: Ball 1-2: Ball 2-2: Foul Ball, location: 2F 2-2: Reached on error, E5 (Groundball, 56, EV 83.8 MPH) Donovan Auclair to second
|
Batting: RHB Juan Taveras
|
0-0: Called Strike 0-1: Ball 1-1: Grounds into double play, 6-4-3 (Groundball, 56, EV 96.2 MPH) Donovan Auclair to third
|
Batting: LHB Erik Beezley
|
0-0: Swinging Strike 0-1: Ball 1-1: Foul Ball, location: 2F 1-2: Ball 2-2: Fly out, F5 (Popup, 15S, EV 88.8 MPH)
|
Bottom of the 7th over - 0 runs, 1 hit, 1 error, 1 left on base; Colorado (EL) 3 - Harrisburg 1 |
TOP OF THE 8TH |
Colorado (EL) Rockies batting - Pitching for Harrisburg Senators : LHP John Hattenhauer
|
Pitching: LHP Rafael Silva
|
|
Batting: SHB Jon Munoz
|
0-0: Called Strike 0-1: Called Strike 0-2: Fly out, F4 (Popup, 4M, EV 71.9 MPH)
|
Batting: SHB In-sung Lee
|
0-0: Swinging Strike 0-1: Ball 1-1: Foul Ball, location: 2F 1-2: Strikes out swinging
|
Batting: LHB Eric Ludwig
|
0-0: Ball 1-0: Swinging Strike 1-1: SINGLE (Line Drive, 78S, EV 105.6 MPH)
|
Batting: RHB Max Schellekens
|
0-0: Called Strike 0-1: Ball 1-1: Ball 2-1: Foul Ball, location: 2F 2-2: Foul Ball, location: 2F 2-2: Ball 3-2: Base on Balls Eric Ludwig to second
|
Batting: RHB Bobby Bowman
|
0-0: Ball 1-0: Foul Ball, location: 2F 1-1: Ball 2-1: Foul Ball, location: 2F 2-2: Foul Ball, location: 2F 2-2: Ground out U3 (Groundball, 34, EV 85.0 MPH)
|
Top of the 8th over - 0 runs, 1 hit, 0 errors, 2 left on base; Colorado (EL) 3 - Harrisburg 1 |
BOTTOM OF THE 8TH |
Harrisburg Senators batting - Pitching for Colorado (EL) Rockies : LHP Adrian Hamilton
|
Batting: RHB Haykuhi Kagramanian
|
0-0: Ball 1-0: Ball 2-0: Called Strike 2-1: Ground out 6-3 (Groundball, 56D, EV 104.4 MPH)
|
Batting: RHB Brennan Cameron
|
0-0: Foul Ball, location: 2F 0-1: SINGLE (Line Drive, 89M, EV 104.4 MPH)
|
Batting: RHB Marcus Dawson
|
0-0: Swinging Strike 0-1: Grounds into double play, 6-4-3 (Groundball, 6, EV 83.1 MPH)
|
Bottom of the 8th over - 0 runs, 1 hit, 0 errors, 0 left on base; Colorado (EL) 3 - Harrisburg 1 |
TOP OF THE 9TH |
Colorado (EL) Rockies batting - Pitching for Harrisburg Senators : LHP Rafael Silva
|
Pitching: RHP Josh Mott
|
|
Batting: SHB Chris Besselman
|
0-0: Foul Ball, location: 2F 0-1: Foul Ball, location: 2F 0-2: Strikes out looking
|
Batting: LHB Elijah Black
|
0-0: Foul Ball, location: 2F 0-1: Ball 1-1: Ball 2-1: Ball 3-1: Base on Balls
|
Batting: LHB Tony Ponce
|
0-0: Ball 1-0: SINGLE (Groundball, 25, EV 75.6 MPH) (infield hit) Elijah Black to second
|
Batting: RHB Matt Fabre
|
0-0: Ball 1-0: Fly out, F4 (Popup, 4S, EV 60.6 MPH)
|
Batting: SHB Jon Munoz
|
0-0: Ball 1-0: Ball 2-0: Ball 3-0: Called Strike 3-1: Called Strike 3-2: Foul Ball, location: 2F 3-2: Strikes out swinging
|
Top of the 9th over - 0 runs, 1 hit, 0 errors, 2 left on base; Colorado (EL) 3 - Harrisburg 1 |
BOTTOM OF THE 9TH |
Harrisburg Senators batting - Pitching for Colorado (EL) Rockies : LHP Adrian Hamilton
|
Pitching: RHP Terry Huffmaster
|
|
Batting: RHB John McNeill
|
0-0: Ball 1-0: Ground out 5-3 (Groundball, 56, EV 78.8 MPH)
|
Pinch Hitting: LHB Shinji Adachi
|
0-0: SOLO HOME RUN (Flyball, 78XD, EV 102.5 MPH), Distance : 387 ft
|
Batting: RHB Donovan Auclair
|
0-0: Called Strike 0-1: Ball 1-1: Foul Ball, location: 2F 1-2: Foul Ball, location: 2F 1-2: Ball 2-2: Ball 3-2: Foul Ball, location: 2F 3-2: Foul Ball, location: 2F 3-2: Strikes out swinging
|
Pinch Hitting: LHB Adam Jacobs
|
0-0: Called Strike 0-1: Foul Ball, location: 2F 0-2: Foul Ball, location: 2F 0-2: Foul Ball, location: 2F 0-2: Ball 1-2: Foul Ball, location: 2F 1-2: Ball 2-2: Ground out 6-3 (Groundball, 56, EV 93.1 MPH)
|
Bottom of the 9th over - 1 run, 1 hit, 0 errors, 0 left on base; Colorado (EL) 3 - Harrisburg 2 |
|